Blues vs Predators

Created - December 1, 2016 at 17:13

Goals
1 2 3 T
Blues 2 1 0 3
Predators 0 3 2 5
Shots
1 2 3 T
Blues 6 5 6 17
Predators 11 23 15 49

1st period

1. Blues , Rick Nash 13 (Matt Carle, Jussi Jokinen) at 8:40
2. Blues , Jiri Hudler 3 (Cal Clutterbuck) at 10:01

Penalties :
Tanner Glass (STL) for Holding (Minor) at 4:19, Jakub Kindl (STL) for Tripping (Minor) at 15:03, Michael Raffl (STL) for Hooking (Minor) at 16:02

2nd period

3. Predators , Derick Brassard 5 (Kevin Hayes, Joe Colborne) at 9:51
4. Predators , Kevin Hayes 8 (Derick Brassard, Oscar Klefbom) at 10:03
5. Blues , Cal Clutterbuck 9 (Jay Bouwmeester) at 12:50
6. Predators , Vincent Trocheck 9 (Steven Stamkos, Zbynek Michalek) at 14:47

Penalties :
Cal Clutterbuck (STL) for Cross-checking (Minor) at 0:51, Michael Raffl (STL) for Interference (Minor) at 3:50, Jakub Kindl (STL) for Tripping (Minor) at 7:43, Jordie Benn (NSH) for Holding (Minor) at 13:26, Adam Cracknell (STL) for Roughing (Minor) at 13:26

3rd period

7. Predators , Phillip Di Giuseppe 1 (Nicklas Backstrom, Joe Colborne) at 9:17
8. Predators , T.J. Oshie 9 (Zach Bogosian, Derick Brassard) at 19:19 (Empty Net)

Penalties :
T.J. Oshie (NSH) for Roughing (Minor) at 5:40, Adam Cracknell (STL) for Hooking (Minor) at 12:05, Jakub Kindl (STL) for Tripping (Minor) at 14:28, Zbynek Michalek (NSH) for Slashing (Minor) at 16:28

Goalie Stats

Antti Niemi (STL), 44 saves from 48 shots - (0.917), L, 6-9-0, 59:44 minutes
Pekka Rinne (NSH), 14 saves from 17 shots - (0.824), W, 10-10-2, 60:00 minutes

Players Stats for Blues

Player Name              G  A  P  +/- PIM S  H  SB GA TA FO     MP     PP MP  PK MP  
------------------------------------------------------------------------------------
Adam Cracknell           0  0  0  -1  4   1  1  1  0  0  11/25  18:36   2:19   1:11 
Barret Jackman           0  0  0   0  0   0  6  1  0  0  0/0    21:10   1:39   6:28 
Cal Clutterbuck          1  1  2   1  2   2  2  0  0  0  0/0    12:15   1:39   0:00 
Chris Wideman            0  0  0  -2  0   0  4  0  0  0  0/0    13:11   0:00   0:02 
Clarke MacArthur         0  0  0  -1  0   0  0  0  0  0  4/10    8:17   0:00   0:00 
Jakub Kindl              0  0  0  -2  6   1  1  0  0  0  0/0    13:06   0:00   0:00 
Jay Bouwmeester          0  1  1   0  0   1  0  3  0  0  0/0    25:39   2:19   8:22 
Jay McClement            0  0  0  -1  0   0  0  0  0  0  2/6     5:37   0:00   0:00 
Jiri Hudler              1  0  1   1  0   4  0  0  0  0  9/17   21:29   1:39   9:13 
Johnny Boychuk           0  0  0   0  0   0  1  3  0  0  0/0    25:39   2:19   8:22 
Jussi Jokinen            0  1  1  -1  0   2  0  1  0  0  1/2    15:08   0:00   0:00 
Mark Borowiecki          0  0  0   0  0   0  0  0  0  0  0/0     0:00   0:00   0:00 
Matt Carle               0  1  1   0  0   0  1  1  0  0  0/0    21:12   1:39   6:30 
Michael Raffl            0  0  0  -1  4   0  2  0  0  0  6/7    14:38   2:19   3:27 
Mike Fisher              0  0  0   1  0   2  3  1  0  0  13/24  23:19   1:39   9:31 
R.J. Umberger            0  0  0  -1  0   1  0  0  0  0  0/0     5:36   0:00   0:00 
Rick Nash                1  0  1  -1  0   2  0  0  0  0  2/4    23:43   2:19   5:21 
Tanner Glass             0  0  0  -1  2   1  2  0  0  0  0/1    13:25   0:00   0:00 

Players Stats for Predators

Player Name              G  A  P  +/- PIM S  H  SB GA TA FO     MP     PP MP  PK MP  
------------------------------------------------------------------------------------
Cody Franson             0  0  0   0  0   0  0  0  0  0  0/0     0:00   0:00   0:00 
Derick Brassard          1  2  3   1  0   4  1  0  0  0  9/16   14:26   0:11   0:00 
Jaden Schwartz           0  0  0  -1  0   4  0  0  0  0  1/11   19:46   7:23   2:33 
Joe Colborne             0  2  2   0  0   1  2  0  0  0  3/7    18:15   7:23   0:32 
John Moore               0  0  0   0  0   1  0  2  0  0  0/0    12:49   0:29   0:38 
Jordie Benn              0  0  0   0  2   3  2  0  0  0  0/0    21:29   8:27   0:15 
Kevin Hayes              1  1  2   1  0   2  0  1  0  0  1/1    15:23   1:08   0:00 
Klas Dahlbeck            0  0  0  -1  0   0  1  2  0  0  0/0    20:03   5:17   2:13 
Nicklas Backstrom        0  1  1   1  0   2  0  1  0  0  1/2    23:58   6:02   0:00 
Oscar Klefbom            0  1  1   2  0   2  1  0  0  0  0/0    17:08   0:11   1:42 
Phillip Di Giuseppe      1  0  1   1  0   1  1  0  0  0  0/0     3:01   1:06   0:00 
Roman Josi               0  0  0   0  0   1  0  0  0  0  0/0     0:33   0:33   0:00 
Steven Stamkos           0  1  1   1  0   11 4  0  0  0  15/28  24:50   6:56   2:44 
T.J. Oshie               1  0  1   1  2   4  0  0  0  0  1/1    14:14   0:00   0:00 
Vincent Trocheck         1  0  1   0  0   7  2  0  0  0  15/28  17:47   8:06   0:42 
Vladislav Namestnikov    0  0  0   0  0   4  2  0  0  0  2/2    22:22   6:21   1:25 
Zach Bogosian            0  1  1   1  0   0  3  2  0  0  0/0    28:00   8:33   2:12 
Zbynek Michalek          0  1  1   2  2   2  1  1  0  0  0/0    19:56   6:14   0:56 

3 Stars

1 - Derick Brassard (NSH)
2 - Kevin Hayes (NSH)
3 - Cal Clutterbuck (STL)

Power Play

Blues - 0 on 2 Attempt(s) - 0.00%
Predators - 0 on 8 Attempt(s) - 0.00%

Penalty Kill

Blues - 8 on 8 Attempt(s) - 100.00% - Score 0 goal in Penalty Kill
Predators - 2 on 2 Attempt(s) - 100.00% - Score 0 goal in Penalty Kill

Team Stat

Blues - Hits : 23 - Faceoff Wins : 48 - Blocked Shots : 11 - Penalty Minutes : 18
Predators - Hits : 20 - Faceoff Wins : 48 - Blocked Shots : 9 - Penalty Minutes : 6

Official

Referees : TJ Luxmore and Tom Kowal
Linesman : Jonny Murray and Tony Sericolo

Game Notes

T.J. Oshie has scored in a empty net!

Finance

Level 1 -- Attendance: 4670 (71.85%) -- Ticket Income $560,400
Level 2 -- Attendance: 4614 (92.28%) -- Ticket Income $369,120
Level 3 -- Attendance: 3203 (91.51%) -- Ticket Income $160,150
Level 4 -- Attendance: 1113 (100.00%) -- Ticket Income $46,746
Luxury Box -- Attendance: 931 (93.10%) -- Ticket Income $172,235
Game was played at the Bridgestone Arena.
Total Attendance: 14531 (84.91%)
Total Ticket Income: $1,308,651
Other Income: $196,298
Total Income: $1,504,949

% Time on Ice - Blues

Lines # - Real PCT - Wanted PCT - Time Play
Normal Forward
1 - 39% - 40% - 15:08
2 - 27% - 30% - 10:37
3 - 20% - 20% - 7:50
4 - 14% - 10% - 5:36
Normal Defense
1 - 35% - 40% - 13:33
2 - 31% - 30% - 12:00
3 - 34% - 20% - 13:09
4 - 1% - 10% - 0:29
PP Forward
1 - 58% - 60% - 2:19
2 - 42% - 40% - 1:39
PP Defense
1 - 58% - 60% - 2:19
2 - 42% - 40% - 1:39
PK Forward
1 - 68% - 60% - 9:26
2 - 32% - 40% - 4:26
PK Defense
1 - 54% - 60% - 7:27
2 - 46% - 40% - 6:25
PK3 Forward
1 - 92% - 60% - 0:55
2 - 8% - 40% - 0:05
PK3 Defense
1 - 92% - 60% - 0:55
2 - 8% - 40% - 0:05
44 Forward
1 - 100% - 60% - 1:59
2 - 0% - 40% - 0:00
44 Defense
1 - 47% - 60% - 0:56
2 - 53% - 40% - 1:03
Last Minute Offensive  - 0:00
Last Minute Defensive  - 0:00
Total
Forward - 60:00
Defense - 60:00

% Time on Ice - Predators

Lines # - Real PCT - Wanted PCT - Time Play
Normal Forward
1 - 37% - 40% - 14:36
2 - 36% - 30% - 14:15
3 - 21% - 20% - 8:25
4 - 5% - 10% - 1:55
Normal Defense
1 - 33% - 40% - 12:48
2 - 31% - 30% - 12:13
3 - 28% - 20% - 11:08
4 - 8% - 10% - 3:02
PP Forward
1 - 49% - 60% - 7:18
2 - 51% - 40% - 7:34
PP Defense
1 - 55% - 60% - 8:09
2 - 45% - 40% - 6:43
PK Forward
1 - 82% - 60% - 3:16
2 - 18% - 40% - 0:42
PK Defense
1 - 43% - 60% - 1:42
2 - 57% - 40% - 2:16
PK3 Forward
1 - 0% - 60%
2 - 0% - 40%
PK3 Defense
1 - 0% - 60%
2 - 0% - 40%
44 Forward
1 - 71% - 60% - 1:25
2 - 29% - 40% - 0:34
44 Defense
1 - 100% - 60% - 1:59
2 - 0% - 40% - 0:00
Last Minute Offensive  - 0:00
Last Minute Defensive  - 0:00
Total
Forward - 60:00
Defense - 60:00

Play by Play

1st period


0:01 of 1st period - Vladislav Namestnikov wins face-off versus Adam Cracknell in neutral zone.
0:04 of 1st period - Shot by Vladislav Namestnikov.
0:04 of 1st period - Stopped by Antti Niemi without a rebound.
0:05 of 1st period - T.J. Oshie wins face-off versus Mike Fisher in Blues zone.
0:26 of 1st period - Shot by Jiri Hudler.
0:26 of 1st period - Shot Misses the Net.
0:41 of 1st period - Icing by Barret Jackman.
0:42 of 1st period - Steven Stamkos wins face-off versus Mike Fisher in Blues zone.
0:53 of 1st period - Shot by Nicklas Backstrom.
0:53 of 1st period - Shot Misses the Net.
1:01 of 1st period - Shot by Nicklas Backstrom.
1:01 of 1st period - Stopped by Antti Niemi without a rebound.
1:02 of 1st period - Vincent Trocheck wins face-off versus Adam Cracknell in Blues zone.
1:16 of 1st period - Icing by Johnny Boychuk.
1:17 of 1st period - Adam Cracknell wins face-off versus Steven Stamkos in Blues zone.
2:00 of 1st period - Shot by Nicklas Backstrom.
2:00 of 1st period - Shot Misses the Net.
2:35 of 1st period - Shot by Tanner Glass.
2:35 of 1st period - Stopped by Pekka Rinne without a rebound.
2:36 of 1st period - Vincent Trocheck wins face-off versus Jiri Hudler in Predators zone.
2:49 of 1st period - Shot by Vincent Trocheck.
2:49 of 1st period - Stopped by Antti Niemi without a rebound.
2:50 of 1st period - Derick Brassard wins face-off versus Jay McClement in Blues zone.
2:55 of 1st period - Shot by Derick Brassard.
2:55 of 1st period - Stopped by Antti Niemi without a rebound.
2:56 of 1st period - Jay McClement wins face-off versus Derick Brassard in Blues zone.
3:26 of 1st period - Icing by Klas Dahlbeck.
3:27 of 1st period - Derick Brassard wins face-off versus Adam Cracknell in Predators zone.
3:32 of 1st period - Shot by T.J. Oshie.
3:32 of 1st period - Stopped by Antti Niemi without a rebound.
3:33 of 1st period - Joe Colborne wins face-off versus Adam Cracknell in Blues zone.
3:55 of 1st period - Off-side.
3:56 of 1st period - Derick Brassard wins face-off versus Clarke MacArthur in neutral zone.
3:58 of 1st period - Kevin Hayes is hit by Barret Jackman and loses puck.
4:05 of 1st period - Shot by Kevin Hayes.
4:05 of 1st period - Stopped by Antti Niemi with a rebound.
4:19 of 1st period - Minor Penalty to Tanner Glass for Holding.
4:20 of 1st period - Jiri Hudler wins face-off versus Vincent Trocheck in Blues zone.
6:20 of 1st period - Vincent Trocheck is hit by Jakub Kindl and loses puck.
6:42 of 1st period - Derick Brassard is hit by Chris Wideman and loses puck.
7:10 of 1st period - Phillip Di Giuseppe is hit by Chris Wideman and loses puck.
7:32 of 1st period - Phillip Di Giuseppe is hit by Barret Jackman and loses puck.
7:58 of 1st period - Shot by Derick Brassard.
7:58 of 1st period - Shot Blocked by Matt Carle.
8:00 of 1st period - Shot by Derick Brassard.
8:00 of 1st period - Stopped by Antti Niemi without a rebound.
8:01 of 1st period - Steven Stamkos wins face-off versus Mike Fisher in Blues zone.
8:12 of 1st period - Shot by Vladislav Namestnikov.
8:12 of 1st period - Stopped by Antti Niemi without a rebound.
8:13 of 1st period - Vincent Trocheck wins face-off versus Mike Fisher in Blues zone.
8:35 of 1st period - Shot by Jiri Hudler.
8:35 of 1st period - Stopped by Pekka Rinne without a rebound.
8:36 of 1st period - Jussi Jokinen wins face-off versus Derick Brassard in Predators zone.
8:36 of 1st period - Rick Nash is hit by Jordie Benn.
8:38 of 1st period - Shot by Matt Carle.
8:38 of 1st period - Shot Misses the Net.
8:40 of 1st period - Shot by Rick Nash.
8:40 of 1st period - Goal by Rick Nash - Blues : 1 - Predators : 0.
8:41 of 1st period - Kevin Hayes wins face-off versus Adam Cracknell in neutral zone.
9:47 of 1st period - Shot by Steven Stamkos.
9:47 of 1st period - Stopped by Antti Niemi without a rebound.
9:48 of 1st period - Mike Fisher wins face-off versus Vincent Trocheck in Blues zone.
9:48 of 1st period - Mike Fisher is hit by Joe Colborne.
10:01 of 1st period - Shot by Cal Clutterbuck.
10:01 of 1st period - Deflect By Jiri Hudler.
10:01 of 1st period - Goal by Jiri Hudler - Blues : 2 - Predators : 0.
10:02 of 1st period - Clarke MacArthur wins face-off versus Steven Stamkos in neutral zone.
10:16 of 1st period - Shot by Tanner Glass.
10:16 of 1st period - Shot Blocked by John Moore.
10:24 of 1st period - Shot by Michael Raffl.
10:24 of 1st period - Shot Misses the Net.
10:28 of 1st period - Shot by Michael Raffl.
10:28 of 1st period - Shot Blocked by Nicklas Backstrom.
11:06 of 1st period - Shot by Jiri Hudler.
11:06 of 1st period - Deflect By Mike Fisher.
11:06 of 1st period - Stopped by Pekka Rinne without a rebound.
11:07 of 1st period - Vincent Trocheck wins face-off versus Adam Cracknell in Predators zone.
11:40 of 1st period - Adam Cracknell is hit by Zach Bogosian and loses puck.
12:21 of 1st period - Shot by Kevin Hayes.
12:21 of 1st period - Shot Misses the Net.
12:29 of 1st period - Oscar Klefbom is hit by Mike Fisher and loses puck.
12:35 of 1st period - Off-side.
12:36 of 1st period - Steven Stamkos wins face-off versus Clarke MacArthur in neutral zone.
13:14 of 1st period - Shot by Michael Raffl.
13:14 of 1st period - Shot Misses the Net.
13:16 of 1st period - Shot by Chris Wideman.
13:16 of 1st period - Shot Misses the Net.
13:23 of 1st period - Icing by Klas Dahlbeck.
13:24 of 1st period - Mike Fisher wins face-off versus Steven Stamkos in Predators zone.
13:31 of 1st period - John Moore is hit by Cal Clutterbuck.
14:04 of 1st period - Icing by Steven Stamkos.
14:05 of 1st period - Adam Cracknell wins face-off versus Nicklas Backstrom in Predators zone.
15:03 of 1st period - Minor Penalty to Jakub Kindl for Tripping.
15:04 of 1st period - Jiri Hudler wins face-off versus Jaden Schwartz in Blues zone.
15:15 of 1st period - Shot by Joe Colborne.
15:15 of 1st period - Shot Blocked by Johnny Boychuk.
16:02 of 1st period - Minor Penalty to Michael Raffl for Hooking.
16:03 of 1st period - Rick Nash wins face-off versus Jaden Schwartz in Blues zone.
16:14 of 1st period - Jay Bouwmeester is hit by Phillip Di Giuseppe and loses puck.
16:41 of 1st period - Shot by Vincent Trocheck.
16:41 of 1st period - Shot Misses the Net.
16:43 of 1st period - Shot by Vincent Trocheck.
16:43 of 1st period - Stopped by Antti Niemi with a rebound.
16:45 of 1st period - Shot by Zbynek Michalek.
16:45 of 1st period - Shot Misses the Net.
16:55 of 1st period - Shot by Kevin Hayes.
16:55 of 1st period - Shot Blocked by Jay Bouwmeester.
16:57 of 1st period - Shot by Roman Josi.
16:57 of 1st period - Stopped by Antti Niemi without a rebound.
16:58 of 1st period - Mike Fisher wins face-off versus Vincent Trocheck in Blues zone.
17:11 of 1st period - Shot by Zach Bogosian.
17:11 of 1st period - Shot Misses the Net.
17:13 of 1st period - Shot by Zbynek Michalek.
17:13 of 1st period - Shot Misses the Net.
18:53 of 1st period - T.J. Oshie is hit by Adam Cracknell and loses puck.
19:34 of 1st period - Shot by Vladislav Namestnikov.
19:34 of 1st period - Shot Hit the Post.
19:46 of 1st period - Shot by Mike Fisher.
19:46 of 1st period - Stopped by Pekka Rinne without a rebound.
19:47 of 1st period - Vincent Trocheck wins face-off versus Jay McClement in Predators zone.
19:47 of 1st period - Vincent Trocheck is hit by Tanner Glass.
Goals for this period are 2 for Blues vs 0 for Predators.
Shots for this period are 6 for Blues vs 11 for Predators.

2nd period


0:01 of 2nd period - Steven Stamkos wins face-off versus Adam Cracknell in neutral zone.
0:04 of 2nd period - Jussi Jokinen is hit by Steven Stamkos and loses puck.
0:51 of 2nd period - Minor Penalty to Cal Clutterbuck for Cross-checking.
0:52 of 2nd period - Jaden Schwartz wins face-off versus Jiri Hudler in Blues zone.
1:27 of 2nd period - Shot by Jaden Schwartz.
1:27 of 2nd period - Shot Misses the Net.
1:51 of 2nd period - Shot by Rick Nash.
1:51 of 2nd period - Shot Misses the Net.
1:53 of 2nd period - Shot by Jay Bouwmeester.
1:53 of 2nd period - Stopped by Pekka Rinne without a rebound.
1:54 of 2nd period - Mike Fisher wins face-off versus Vincent Trocheck in Predators zone.
2:14 of 2nd period - Shot by Vincent Trocheck.
2:14 of 2nd period - Stopped by Antti Niemi without a rebound.
2:15 of 2nd period - Joe Colborne wins face-off versus Rick Nash in Blues zone.
2:49 of 2nd period - Zach Bogosian is hit by Michael Raffl and loses puck.
3:01 of 2nd period - Shot by Kevin Hayes.
3:01 of 2nd period - Deflect By Derick Brassard.
3:01 of 2nd period - Shot Misses the Net.
3:03 of 2nd period - Shot by Oscar Klefbom.
3:03 of 2nd period - Stopped by Antti Niemi without a rebound.
3:04 of 2nd period - Derick Brassard wins face-off versus Adam Cracknell in Blues zone.
3:23 of 2nd period - Shot by Jussi Jokinen.
3:23 of 2nd period - Shot Blocked by Kevin Hayes.
3:25 of 2nd period - Shot by Chris Wideman.
3:25 of 2nd period - Shot Misses the Net.
3:27 of 2nd period - Shot by Jakub Kindl.
3:27 of 2nd period - Shot Blocked by John Moore.
3:41 of 2nd period - Shot by Jussi Jokinen.
3:41 of 2nd period - Shot Blocked by Klas Dahlbeck.
3:50 of 2nd period - Minor Penalty to Michael Raffl for Interference.
3:51 of 2nd period - Vladislav Namestnikov wins face-off versus Jiri Hudler in Blues zone.
3:52 of 2nd period - Shot by Zach Bogosian.
3:52 of 2nd period - Shot Misses the Net.
3:54 of 2nd period - Shot by Jordie Benn.
3:54 of 2nd period - Stopped by Antti Niemi with a rebound.
3:56 of 2nd period - Shot by Vincent Trocheck.
3:56 of 2nd period - Stopped by Antti Niemi with a rebound.
4:14 of 2nd period - Shot by Vincent Trocheck.
4:14 of 2nd period - Shot Blocked by Jay Bouwmeester.
4:16 of 2nd period - Shot by Vladislav Namestnikov.
4:16 of 2nd period - Deflect By Steven Stamkos.
4:16 of 2nd period - Shot Misses the Net.
4:18 of 2nd period - Shot by Vincent Trocheck.
4:18 of 2nd period - Deflect By Vladislav Namestnikov.
4:18 of 2nd period - Stopped by Antti Niemi without a rebound.
4:19 of 2nd period - Jiri Hudler wins face-off versus Jaden Schwartz in Blues zone.
4:38 of 2nd period - Shot by Jaden Schwartz.
4:38 of 2nd period - Shot Misses the Net.
4:40 of 2nd period - Shot by Zbynek Michalek.
4:40 of 2nd period - Stopped by Antti Niemi without a rebound.
4:41 of 2nd period - Adam Cracknell wins face-off versus Vincent Trocheck in Blues zone.
5:18 of 2nd period - Shot by Steven Stamkos.
5:18 of 2nd period - Stopped by Antti Niemi without a rebound.
5:19 of 2nd period - Adam Cracknell wins face-off versus Jaden Schwartz in Blues zone.
5:46 of 2nd period - Shot by Jaden Schwartz.
5:46 of 2nd period - Stopped by Antti Niemi without a rebound.
5:47 of 2nd period - Jiri Hudler wins face-off versus Vincent Trocheck in Blues zone.
6:12 of 2nd period - Icing by Oscar Klefbom.
6:13 of 2nd period - Derick Brassard wins face-off versus Jussi Jokinen in Predators zone.
7:05 of 2nd period - Shot by Nicklas Backstrom.
7:05 of 2nd period - Shot Misses the Net.
7:09 of 2nd period - Shot by Steven Stamkos.
7:09 of 2nd period - Stopped by Antti Niemi without a rebound.
7:10 of 2nd period - Vincent Trocheck wins face-off versus Clarke MacArthur in Blues zone.
7:10 of 2nd period - Jaden Schwartz is hit by Barret Jackman and loses puck.
7:34 of 2nd period - Off-side.
7:35 of 2nd period - Steven Stamkos wins face-off versus Mike Fisher in neutral zone.
7:43 of 2nd period - Minor Penalty to Jakub Kindl for Tripping.
7:44 of 2nd period - Jiri Hudler wins face-off versus Vincent Trocheck in Blues zone.
7:55 of 2nd period - Shot by Vincent Trocheck.
7:55 of 2nd period - Stopped by Antti Niemi without a rebound.
7:56 of 2nd period - Jiri Hudler wins face-off versus Jaden Schwartz in Blues zone.
8:14 of 2nd period - Off-side.
8:15 of 2nd period - Vincent Trocheck wins face-off versus Jiri Hudler in neutral zone.
9:31 of 2nd period - Shot by Nicklas Backstrom.
9:31 of 2nd period - Deflect By Joe Colborne.
9:31 of 2nd period - Shot Misses the Net.
9:44 of 2nd period - Joe Colborne is hit by Chris Wideman and loses puck.
9:48 of 2nd period - Kevin Hayes is hit by Chris Wideman and loses puck.
9:51 of 2nd period - Shot by Derick Brassard.
9:51 of 2nd period - Goal by Derick Brassard - Blues : 2 - Predators : 1.
9:52 of 2nd period - Derick Brassard wins face-off versus Adam Cracknell in neutral zone.
10:03 of 2nd period - Shot by Kevin Hayes.
10:03 of 2nd period - Goal by Kevin Hayes - Blues : 2 - Predators : 2.
10:04 of 2nd period - Derick Brassard wins face-off versus Clarke MacArthur in neutral zone.
10:06 of 2nd period - Jordie Benn is hit by Michael Raffl and loses puck.
10:15 of 2nd period - Shot by Derick Brassard.
10:15 of 2nd period - Stopped by Antti Niemi with a rebound.
10:17 of 2nd period - Shot by Zach Bogosian.
10:17 of 2nd period - Shot Misses the Net.
10:23 of 2nd period - Shot by T.J. Oshie.
10:23 of 2nd period - Shot Misses the Net.
10:25 of 2nd period - Shot by Zach Bogosian.
10:25 of 2nd period - Shot Misses the Net.
10:27 of 2nd period - Shot by Jordie Benn.
10:27 of 2nd period - Shot Misses the Net.
10:29 of 2nd period - Shot by Jordie Benn.
10:29 of 2nd period - Stopped by Antti Niemi without a rebound.
10:30 of 2nd period - Mike Fisher wins face-off versus Steven Stamkos in Blues zone.
10:53 of 2nd period - Shot by Steven Stamkos.
10:53 of 2nd period - Stopped by Antti Niemi without a rebound.
10:54 of 2nd period - Adam Cracknell wins face-off versus Vincent Trocheck in Blues zone.
10:54 of 2nd period - Jussi Jokinen is hit by Joe Colborne and loses puck.
11:20 of 2nd period - Rick Nash is hit by Oscar Klefbom and loses puck.
11:59 of 2nd period - Shot by Cal Clutterbuck.
11:59 of 2nd period - Stopped by Pekka Rinne without a rebound.
12:00 of 2nd period - Clarke MacArthur wins face-off versus Steven Stamkos in Predators zone.
12:36 of 2nd period - Shot by Vladislav Namestnikov.
12:36 of 2nd period - Shot Misses the Net.
12:38 of 2nd period - Shot by Steven Stamkos.
12:38 of 2nd period - Stopped by Antti Niemi without a rebound.
12:39 of 2nd period - Mike Fisher wins face-off versus Derick Brassard in Blues zone.
12:39 of 2nd period - Mike Fisher is hit by Derick Brassard.
12:50 of 2nd period - Shot by Cal Clutterbuck.
12:50 of 2nd period - Goal by Cal Clutterbuck - Blues : 3 - Predators : 2.
12:51 of 2nd period - Adam Cracknell wins face-off versus Jaden Schwartz in neutral zone.
13:08 of 2nd period - Shot by Vincent Trocheck.
13:08 of 2nd period - Shot Misses the Net.
13:15 of 2nd period - Icing by Matt Carle.
13:16 of 2nd period - Adam Cracknell wins face-off versus Steven Stamkos in Blues zone.
13:26 of 2nd period - Minor Penalty to Jordie Benn for Holding.
13:26 of 2nd period - Minor Penalty to Adam Cracknell for Roughing.
13:27 of 2nd period - Rick Nash wins face-off versus Jaden Schwartz in Predators zone.
14:37 of 2nd period - Shot by Steven Stamkos.
14:37 of 2nd period - Shot Misses the Net.
14:39 of 2nd period - Shot by Steven Stamkos.
14:39 of 2nd period - Shot Misses the Net.
14:47 of 2nd period - Shot by Vincent Trocheck.
14:47 of 2nd period - Goal by Vincent Trocheck - Blues : 3 - Predators : 3.
14:48 of 2nd period - Michael Raffl wins face-off versus Jaden Schwartz in neutral zone.
14:50 of 2nd period - Off-side.
14:51 of 2nd period - Michael Raffl wins face-off versus Jaden Schwartz in neutral zone.
15:02 of 2nd period - Shot by Mike Fisher.
15:02 of 2nd period - Shot Blocked by Zach Bogosian.
15:04 of 2nd period - Shot by Michael Raffl.
15:04 of 2nd period - Shot Misses the Net.
15:20 of 2nd period - Shot by Michael Raffl.
15:20 of 2nd period - Shot Blocked by Klas Dahlbeck.
16:18 of 2nd period - Icing by Chris Wideman.
16:19 of 2nd period - Vincent Trocheck wins face-off versus Jay McClement in Blues zone.
16:38 of 2nd period - Shot by Jaden Schwartz.
16:38 of 2nd period - Stopped by Antti Niemi without a rebound.
16:39 of 2nd period - Adam Cracknell wins face-off versus Steven Stamkos in Blues zone.
16:39 of 2nd period - Adam Cracknell is hit by Steven Stamkos.
16:49 of 2nd period - Jay Bouwmeester is hit by Vladislav Namestnikov and loses puck.
17:07 of 2nd period - Johnny Boychuk is hit by Steven Stamkos and loses puck.
17:41 of 2nd period - Johnny Boychuk is hit by Zach Bogosian and loses puck.
18:27 of 2nd period - Shot by Jaden Schwartz.
18:27 of 2nd period - Stopped by Antti Niemi without a rebound.
18:28 of 2nd period - Vincent Trocheck wins face-off versus Clarke MacArthur in Blues zone.
18:41 of 2nd period - Shot by Vincent Trocheck.
18:41 of 2nd period - Deflect By Jaden Schwartz.
18:41 of 2nd period - Shot Misses the Net.
18:43 of 2nd period - Shot by Zbynek Michalek.
18:43 of 2nd period - Stopped by Antti Niemi with a rebound.
18:45 of 2nd period - Shot by Oscar Klefbom.
18:45 of 2nd period - Stopped by Antti Niemi without a rebound.
18:46 of 2nd period - Steven Stamkos wins face-off versus Jay McClement in Blues zone.
18:51 of 2nd period - Shot by Vladislav Namestnikov.
18:51 of 2nd period - Stopped by Antti Niemi without a rebound.
18:52 of 2nd period - Nicklas Backstrom wins face-off versus Mike Fisher in Blues zone.
18:59 of 2nd period - Shot by Steven Stamkos.
18:59 of 2nd period - Deflect By Nicklas Backstrom.
18:59 of 2nd period - Stopped by Antti Niemi with a rebound.
19:02 of 2nd period - Icing by Jay Bouwmeester.
19:03 of 2nd period - Joe Colborne wins face-off versus Mike Fisher in Blues zone.
19:12 of 2nd period - Zach Bogosian is hit by Mike Fisher and loses puck.
19:23 of 2nd period - Shot by Mike Fisher.
19:23 of 2nd period - Shot Blocked by Zach Bogosian.
19:28 of 2nd period - Icing by Jaden Schwartz.
19:29 of 2nd period - Adam Cracknell wins face-off versus Vincent Trocheck in Predators zone.
19:34 of 2nd period - Shot by Rick Nash.
19:34 of 2nd period - Stopped by Pekka Rinne without a rebound.
19:35 of 2nd period - Steven Stamkos wins face-off versus Adam Cracknell in Predators zone.
19:40 of 2nd period - Shot by Rick Nash.
19:40 of 2nd period - Shot Misses the Net.
19:46 of 2nd period - Shot by Jussi Jokinen.
19:46 of 2nd period - Stopped by Pekka Rinne without a rebound.
19:47 of 2nd period - Vincent Trocheck wins face-off versus Jiri Hudler in Predators zone.
19:49 of 2nd period - Joe Colborne is hit by Mike Fisher.
19:54 of 2nd period - Icing by Johnny Boychuk.
19:55 of 2nd period - Mike Fisher wins face-off versus Steven Stamkos in Blues zone.
19:55 of 2nd period - Jay Bouwmeester is hit by Vladislav Namestnikov and loses puck.
Goals for this period are 1 for Blues vs 3 for Predators.
Shots for this period are 5 for Blues vs 23 for Predators.

3rd period


0:01 of 3rd period - Steven Stamkos wins face-off versus Mike Fisher in neutral zone.
0:08 of 3rd period - Shot by Steven Stamkos.
0:08 of 3rd period - Stopped by Antti Niemi with a rebound.
0:20 of 3rd period - Shot by Steven Stamkos.
0:20 of 3rd period - Stopped by Antti Niemi without a rebound.
0:21 of 3rd period - Vincent Trocheck wins face-off versus Adam Cracknell in Blues zone.
1:05 of 3rd period - Joe Colborne is hit by Barret Jackman and loses puck.
1:29 of 3rd period - Vladislav Namestnikov is hit by Matt Carle and loses puck.
1:33 of 3rd period - Nicklas Backstrom is hit by Barret Jackman and loses puck.
2:11 of 3rd period - Icing by Derick Brassard.
2:12 of 3rd period - Mike Fisher wins face-off versus Derick Brassard in Predators zone.
2:26 of 3rd period - Off-side.
2:27 of 3rd period - Clarke MacArthur wins face-off versus Vincent Trocheck in neutral zone.
2:30 of 3rd period - Oscar Klefbom is hit by Tanner Glass.
2:55 of 3rd period - Icing by Jakub Kindl.
2:56 of 3rd period - Steven Stamkos wins face-off versus Clarke MacArthur in Blues zone.
3:07 of 3rd period - Shot by Steven Stamkos.
3:07 of 3rd period - Stopped by Antti Niemi without a rebound.
3:08 of 3rd period - Mike Fisher wins face-off versus Derick Brassard in Blues zone.
3:16 of 3rd period - Jiri Hudler is hit by Zach Bogosian and loses puck.
3:38 of 3rd period - Jiri Hudler is hit by Jordie Benn and loses puck.
3:43 of 3rd period - Shot by Jiri Hudler.
3:43 of 3rd period - Stopped by Pekka Rinne with a rebound.
3:45 of 3rd period - Shot by Mike Fisher.
3:45 of 3rd period - Shot Misses the Net.
4:06 of 3rd period - Icing by Jay Bouwmeester.
4:07 of 3rd period - Mike Fisher wins face-off versus Steven Stamkos in Blues zone.
4:33 of 3rd period - Shot by Jakub Kindl.
4:33 of 3rd period - Stopped by Pekka Rinne without a rebound.
4:34 of 3rd period - Adam Cracknell wins face-off versus Joe Colborne in Predators zone.
4:34 of 3rd period - Jussi Jokinen is hit by Klas Dahlbeck and loses puck.
4:59 of 3rd period - Adam Cracknell is hit by Vincent Trocheck and loses puck.
5:08 of 3rd period - Shot by Joe Colborne.
5:08 of 3rd period - Shot Blocked by Adam Cracknell.
5:10 of 3rd period - Shot by Jaden Schwartz.
5:10 of 3rd period - Stopped by Antti Niemi without a rebound.
5:11 of 3rd period - Steven Stamkos wins face-off versus Tanner Glass in Blues zone.
5:35 of 3rd period - Shot by Steven Stamkos.
5:35 of 3rd period - Stopped by Antti Niemi without a rebound.
5:36 of 3rd period - Derick Brassard wins face-off versus Mike Fisher in Blues zone.
5:40 of 3rd period - Minor Penalty to T.J. Oshie for Roughing.
5:41 of 3rd period - Michael Raffl wins face-off versus Steven Stamkos in Predators zone.
5:42 of 3rd period - Shot by Rick Nash.
5:42 of 3rd period - Deflect By Michael Raffl.
5:42 of 3rd period - Shot Misses the Net.
6:38 of 3rd period - Shot by Jiri Hudler.
6:38 of 3rd period - Shot Misses the Net.
6:54 of 3rd period - Steven Stamkos is hit by Cal Clutterbuck and loses puck.
7:07 of 3rd period - Shot by Jiri Hudler.
7:07 of 3rd period - Stopped by Pekka Rinne without a rebound.
7:08 of 3rd period - Michael Raffl wins face-off versus Joe Colborne in Predators zone.
7:13 of 3rd period - Shot by Rick Nash.
7:13 of 3rd period - Shot Blocked by Zbynek Michalek.
7:33 of 3rd period - Shot by Adam Cracknell.
7:33 of 3rd period - Stopped by Pekka Rinne without a rebound.
7:34 of 3rd period - Mike Fisher wins face-off versus Steven Stamkos in Predators zone.
9:13 of 3rd period - Shot by Phillip Di Giuseppe.
9:13 of 3rd period - Shot Blocked by Barret Jackman.
9:17 of 3rd period - Shot by Phillip Di Giuseppe.
9:17 of 3rd period - Goal by Phillip Di Giuseppe - Blues : 3 - Predators : 4.
9:18 of 3rd period - Steven Stamkos wins face-off versus Rick Nash in neutral zone.
9:27 of 3rd period - Shot by Steven Stamkos.
9:27 of 3rd period - Shot Misses the Net.
9:29 of 3rd period - Shot by Klas Dahlbeck.
9:29 of 3rd period - Shot Blocked by Johnny Boychuk.
9:37 of 3rd period - Shot by Steven Stamkos.
9:37 of 3rd period - Stopped by Antti Niemi with a rebound.
9:39 of 3rd period - Shot by Nicklas Backstrom.
9:39 of 3rd period - Shot Blocked by Jussi Jokinen.
9:41 of 3rd period - Shot by John Moore.
9:41 of 3rd period - Stopped by Antti Niemi without a rebound.
9:42 of 3rd period - Clarke MacArthur wins face-off versus Vincent Trocheck in Blues zone.
9:42 of 3rd period - Clarke MacArthur is hit by Vincent Trocheck.
10:53 of 3rd period - Shot by T.J. Oshie.
10:53 of 3rd period - Stopped by Antti Niemi without a rebound.
10:54 of 3rd period - Steven Stamkos wins face-off versus Adam Cracknell in Blues zone.
11:17 of 3rd period - Shot by Jussi Jokinen.
11:17 of 3rd period - Stopped by Pekka Rinne without a rebound.
11:18 of 3rd period - Mike Fisher wins face-off versus Derick Brassard in Predators zone.
11:39 of 3rd period - Shot by T.J. Oshie.
11:39 of 3rd period - Stopped by Antti Niemi without a rebound.
11:40 of 3rd period - Steven Stamkos wins face-off versus Adam Cracknell in Blues zone.
11:40 of 3rd period - Nicklas Backstrom is hit by Johnny Boychuk and loses puck.
11:51 of 3rd period - Shot by Steven Stamkos.
11:51 of 3rd period - Shot Misses the Net.
11:56 of 3rd period - Icing by Jussi Jokinen.
11:57 of 3rd period - Adam Cracknell wins face-off versus Derick Brassard in Blues zone.
12:05 of 3rd period - Minor Penalty to Adam Cracknell for Hooking.
12:06 of 3rd period - Vincent Trocheck wins face-off versus Mike Fisher in Blues zone.
12:10 of 3rd period - Vincent Trocheck is hit by Barret Jackman and loses puck.
12:22 of 3rd period - Icing by Zach Bogosian.
12:23 of 3rd period - Jiri Hudler wins face-off versus Vincent Trocheck in Predators zone.
12:33 of 3rd period - Icing by Zach Bogosian.
12:34 of 3rd period - Vincent Trocheck wins face-off versus Jiri Hudler in Predators zone.
13:25 of 3rd period - Shot by Joe Colborne.
13:25 of 3rd period - Shot Blocked by Johnny Boychuk.
13:27 of 3rd period - Shot by Joe Colborne.
13:27 of 3rd period - Stopped by Antti Niemi without a rebound.
13:28 of 3rd period - Jiri Hudler wins face-off versus Joe Colborne in Blues zone.
14:28 of 3rd period - Minor Penalty to Jakub Kindl for Tripping.
14:29 of 3rd period - Jiri Hudler wins face-off versus Vincent Trocheck in Blues zone.
14:29 of 3rd period - Jiri Hudler is hit by Steven Stamkos.
14:40 of 3rd period - Icing by Jordie Benn.
14:41 of 3rd period - Vincent Trocheck wins face-off versus Jiri Hudler in Predators zone.
14:48 of 3rd period - Shot by Steven Stamkos.
14:48 of 3rd period - Deflect By Vincent Trocheck.
14:48 of 3rd period - Stopped by Antti Niemi without a rebound.
14:49 of 3rd period - Vincent Trocheck wins face-off versus Jiri Hudler in Blues zone.
15:00 of 3rd period - Shot by Steven Stamkos.
15:00 of 3rd period - Stopped by Antti Niemi with a rebound.
15:02 of 3rd period - Shot by Zbynek Michalek.
15:02 of 3rd period - Shot Blocked by Jay Bouwmeester.
15:23 of 3rd period - Shot by Vladislav Namestnikov.
15:23 of 3rd period - Shot Blocked by Mike Fisher.
15:47 of 3rd period - Shot by Nicklas Backstrom.
15:47 of 3rd period - Shot Misses the Net.
15:49 of 3rd period - Shot by Jordie Benn.
15:49 of 3rd period - Stopped by Antti Niemi without a rebound.
15:50 of 3rd period - Michael Raffl wins face-off versus Jaden Schwartz in Blues zone.
16:28 of 3rd period - Minor Penalty to Zbynek Michalek for Slashing.
16:29 of 3rd period - Steven Stamkos wins face-off versus Michael Raffl in Predators zone.
16:47 of 3rd period - Icing by Jay Bouwmeester.
16:48 of 3rd period - Michael Raffl wins face-off versus Steven Stamkos in Blues zone.
17:40 of 3rd period - Icing by Matt Carle.
17:41 of 3rd period - Mike Fisher wins face-off versus Steven Stamkos in Blues zone.
18:28 of 3rd period - Shot by Rick Nash.
18:28 of 3rd period - Shot Misses the Net.
18:33 of 3rd period - Icing by Nicklas Backstrom.
18:34 of 3rd period - Jay McClement wins face-off versus Joe Colborne in Predators zone.
18:34 of 3rd period - Jakub Kindl is hit by Zbynek Michalek and loses puck.
18:47 of 3rd period - Shot by Tanner Glass.
18:47 of 3rd period - Shot Misses the Net.
18:49 of 3rd period - Shot by R.J. Umberger.
18:49 of 3rd period - Stopped by Pekka Rinne without a rebound.
18:50 of 3rd period - Derick Brassard wins face-off versus Adam Cracknell in Predators zone.
19:03 of 3rd period - Blues, Antti Niemi is pulled from the net.
19:19 of 3rd period - Shot by T.J. Oshie.
19:19 of 3rd period - Goal by T.J. Oshie - Blues : 3 - Predators : 5.
19:19 of 3rd period - Antti Niemi from Blues was sent back in the game.
19:20 of 3rd period - Steven Stamkos wins face-off versus Mike Fisher in neutral zone.
19:39 of 3rd period - Shot by Mike Fisher.
19:39 of 3rd period - Shot Misses the Net.
19:41 of 3rd period - Shot by Matt Carle.
19:41 of 3rd period - Shot Misses the Net.
19:55 of 3rd period - Shot by Cal Clutterbuck.
19:55 of 3rd period - Shot Misses the Net.
Goals for this period are 0 for Blues vs 2 for Predators.
Shots for this period are 6 for Blues vs 15 for Predators.